 Dungeon Crawl Stone Soup version 0.32-a0-40-g2adb59a (webtiles) character file.

Game seed: 17603416559567900273

57 Dorkslayer the Ruffian (level 4, 0/28 HPs)
             Began as an Octopode Shapeshifter on Jan 24, 2024.
             Slain by a goblin
             ... wielding a +4 dagger
             ... led by Robin
              (5 damage)
             ... on level 2 of the Dungeon.
             The game lasted 00:04:27 (1055 turns).

Dorkslayer the Ruffian (Octopode Shapeshifter)      Turns: 1055, Time: 00:04:28

Health: 0/28       AC:  1    Str: 15    XL:     4   Next: 0%
Magic:  4/4        EV: 13    Int: 12    God:
Gold:   0          SH:  0    Dex: 11    Spells: 3/3 levels left

rFire   . .          .
                       - Unarmed
rCold   . . .        (no shield)
rNeg    . . .        (helmet currently unavailable)
rPois   .            (no amulet)
rElec   .            (no ring)
rCorr   .            (no ring)
SInv    .            (no ring)
Will    .....        (no ring)
Stlth   +++          (no ring)
HPRegen 0.24/turn    (no ring)
MPRegen 0.09/turn    (no ring)
                     (no ring)

%: no passive effects
@: beast-form
A: beast (slay +2), almost no armour, amphibious, 8 rings, camouflage 1,
gelatinous body 1, (nimble swimmer 1), tentacles
a: Begin Untransformation


You were on level 2 of the Dungeon.
You were a hulking beast.
You visited 1 branch of the dungeon, and saw 2 of its levels.

You collected 30 gold pieces.
You spent 30 gold pieces at shops.

Inventory:

Missiles
 f - 2 boomerangs (quivered)
Jewellery
 j - an amulet of faith
Talismans
 b - a beast talisman
 c - a flux talisman
Scrolls
 e - a scroll of poison {unknown}
 g - a scroll of blinking {unknown}
 h - a scroll of enchant armour {unknown}
 i - a scroll of fear {unknown}
Potions
 a - a potion of lignification
 d - a potion of curing


   Skills:
 + Level 1.0 Fighting
 + Level 2.1 Dodging
 + Level 1.7 Stealth
 * Level 3.9 Unarmed Combat
 + Level 3.5 Shapeshifting


You had 3 spell levels left.
You didn't know any spells.
Your spell library was empty.

Dungeon Overview and Level Annotations

Branches:
Dungeon (2/15)

Altars:

Shops:
D:1 *=(

Annotations:
D:2 Robin


Innate Abilities, Weirdness & Mutations

You are a hulking beast.
Your limbs bulge with bestial killing power. (Slay +2)
You cannot wear most types of armour.
You are amphibious.
You can wear up to eight rings at the same time.
Your skin changes colour to match your surroundings (Stealth+).
Your rubbery body absorbs attacks. (AC +1, EV +1)
((You are camouflaged when in or above water. (Stealth+)))
You have tentacles for arms and can constrict up to eight enemies at once.


Message History

You kill the bat!
You tentacle-slap the endoplasm.
You squeeze the endoplasm, but do no damage.
The endoplasm is almost dead.
The endoplasm freezes you.
You are frozen.
You bludgeon the endoplasm!
You kill the endoplasm!
Found a rapier.
You see here a +0 rapier.
A hobgoblin and a goblin come into view.
A hobgoblin and 2 goblins come into view.
The hobgoblin shouts! x2; The goblin shouts!
You hear a shout!
You hear an angry hiss.
Robin of the Strong Arm comes into view.
They are wielding a +0 mace.
A goblin comes into view. It is wielding a +4 dagger.
The goblin moves out of view.
You hear a shout! x4
You hear a shout!
Robin throws the goblin at you! The goblin hits you with a dagger.
You miss the goblin. You grab the goblin. You constrict the goblin.
Robin throws the goblin at you! The goblin hits you with a +4 dagger.
The goblin hits you with a +0 dagger.
The goblin shouts!
You tentacle-slap the goblin.
You kill the goblin!
You hear an angry hiss.
A goblin comes into view. It is wielding a +0 club.
A goblin comes into view. It is wielding a +0 dagger.
The goblin hits you with a +4 dagger.
* * * LOW HITPOINT WARNING * * *
Robin throws the goblin at you!
* * * LOW HITPOINT WARNING * * *
You have reached level 4!
You feel better.
A goblin comes into view. It is wielding a +0 dagger.
The goblin hits you with a +0 club.
* * * LOW HITPOINT WARNING * * *
The goblin hits you with a +4 dagger.
You die...

#.# .............# #<#
####.........##
.........# #..#####...#
.####.###.#
#..#$)?#...# .. #
#..#($$#...# ##.
#..#)(%#...# ##
#..#####...#
######..........#
#ghg##..........#
#.g..gg###.....##.###.#
..gg##. #.)..........#
.. g. #.############
### ..## ###


You could see Robin, a hobgoblin and 5 goblins.

Vanquished Creatures
  A gnoll (D:1)
  A dart slug (D:1)
  4 bats
  5 endoplasms
  2 giant cockroaches (D:1)
  3 hobgoblins (D:1)
  8 jackals (D:1)
  5 quokkas (D:1)
  3 ball pythons
  3 goblins
  A kobold (D:1)
  A rat (D:1)
37 creatures vanquished.

Notes
Turn   | Place    | Note
-------+----------+-------------------------------------------
     0 | D:1      | Dorkslayer the Octopode Shapeshifter began the quest for
                  | the Orb.
     0 | D:1      | Reached XP level 1. HP: 13/13 MP: 1/1
   128 | D:1      | Found Jyxaowak's Weapon Shop.
   135 | D:1      | Reached XP level 2. HP: 7/18 MP: 2/2
   357 | D:1      | Found Idasch's General Store.
   366 | D:1      | Reached XP level 3. HP: 20/23 MP: 3/3
   606 | D:1      | Reached skill level 1 in Stealth
   747 | D:1      | Found Boubev's Jewellery Shoppe.
   897 | D:1      | Bought a potion of curing for 30 gold pieces
  1051 | D:2      | Noticed Robin
  1054 | D:2      | HP: 1/23 [Robin/goblin (3)]
  1055 | D:2      | Reached XP level 4. HP: 2/28 MP: 4/4
  1055 | D:2      | Slain by a goblin

Illustrated notes

Levels and vault maps discovered:
D:1:      wander_arrival_chamber, layout_loops_cross, serial_shops,
          nicolae_shop_peninsula, nicolae_shop_bloodbath_and_beyond,
          nicolae_shop_real_fake_doors
D:2:      layout_loops_ring, shapermc_ecumenical_altar_mp_ritualfount,
          due_unseen_surprise, uniq_natasha, uniq_robin

Skill      XL: |  1  2  3 |
---------------+----------+-----
Stealth        | 1 |  1.7
Fighting       | |  1.0
Dodging        | |  2.1
Unarmed Combat | |  3.9
Shapeshifting  | |  3.5

Action                     |  1- 3 |  4- 6 || total
---------------------------+-------+-------++-------
  Melee: Unarmed           |    73 |       ||    73
         Tentacles         |    13 |       ||    13
         Constrict         |    18 |       ||    18
         Punch             |     1 |       ||     1
    Use: Potion            |       |     1 ||     1
   Stab: Sleeping          |     8 |       ||     8
 Armour: Skin              |    33 |     2 ||    35
  Dodge: Dodged            |    44 |       ||    44

Table legend: (Time is in decaauts)
 A = Elapsed time spent in this place.
 B = Non-inter-level travel time spent in this place.
 C = Inter-level travel time spent in this place.
 D = Time resting spent in this place.
 E = Time spent auto-exploring this place.
 F = Levels seen in this place.
 G = Mean time per level.
                   A        B        C        D        E       F      G
               +--------+--------+--------+--------+--------+-----+--------+
         Total |   1050 |   1005 |     45 |      0 |    534 |   2 |  525.0 |
       Dungeon |   1050 |   1005 |     45 |      0 |    534 |   2 |  525.0 |
               +--------+--------+--------+--------+--------+-----+--------+

Top non-repeatable levels by time:
     D:1: 943 daAuts
     D:2: 106 daAuts
